 Dungeon Crawl Stone Soup version 0.27.1-2-g3b301248ec (webtiles) character file.

Game seed: 8347735327937840193

47 worthlessgem the Magician (level 3, -2/29 HPs)
             Began as a Djinni Warper on Sept 23, 2021.
             Slain by a kobold brigand (5 damage)
             ... in a sewer.
             The game lasted 00:10:56 (2954 turns).

worthlessgem the Magician (Djinni Warper)           Turns: 2954, Time: 00:10:57

Health: -2/29      AC:  3    Str: 10    XL:     3   Next: 97%
Gold:   119        EV: 11    Int: 15    God:
                   SH:  0    Dex: 12

rFire    + + .     SeeInvis .   a - +0 short sword
rCold    x . .     Faith    .   (no shield)
rNeg     . . .     Spirit   .   b - +0 leather armour
rPois    ∞         Reflect  .   (no helmet)
rElec    .         Harm     .   (no cloak)
rCorr    .         Rampage  .   (no gloves)
Will     .....                  (boots unavailable)
Stlth    +.........             (no amulet)
HPRegen  0.09/turn              (no ring)
MPRegen  0.00/turn              (no ring)

@: flying
A: sickness immunity, fire resistance 2, cold vulnerability 1, float, innate
caster, hp casting, extra vitality 1
a: no special abilities


You were in a sewer.
You visited 1 branch of the dungeon, and saw 4 of its levels.
You also visited: Sewer.

You collected 119 gold pieces.

Inventory:

Hand Weapons
 a - a +0 short sword (weapon)
Missiles
 d - 5 boomerangs of dispersal (quivered)
 e - 21 bolts
 f - 34 sling bullets
 j - 55 stones
Armour
 b - a +0 leather armour (worn)
Scrolls
 c - a scroll of blinking
 h - a scroll of immolation {unknown}
 i - a scroll of amnesia {unknown}
 k - 2 scrolls of identify {unknown}
 m - a scroll of vulnerability {unknown}
 n - a scroll of teleportation {unknown}
Potions
 g - 2 potions of lignification {unknown}
 l - a potion of flight {unknown}


   Skills:
 + Level 2.5 Fighting
 + Level 2.3 Short Blades
 - Level 0.7 Throwing
 - Level 1.0 Armour
 - Level 2.1 Dodging
 * Level 3.0 Spellcasting


You couldn't memorise any spells.
You knew the following spells:

 Your Spells              Type           Power      Damage    Failure   Level
a - Blink                 Tloc           N/A        N/A       12%         2
b - Lesser Beckoning      Tloc           5%         N/A       22%         3
c - Gell's Gravitas       Tloc           5%         N/A       22%         3
d - Teleport Other        Tloc           11%        N/A       22%         3
e - Manifold Assault      Tloc           11%        N/A       91%         5
f - Shock                 Conj/Air       44%        1d5       8%          1
Your spell library was empty.

Dungeon Overview and Level Annotations

Branches:
Dungeon (4/15)              Sewer (1/1)
 Temple: D:4-7

Altars:


Innate Abilities, Weirdness & Mutations

You are immune to sickness and miasma.
You are immune to poison.
Your flesh is very heat resistant. (rF++)
You are vulnerable to cold. (rC-)
You float through the air rather than walking.
You learn spells naturally, not from books.
Your magical power is your life essence.
You have superior vitality. (+4 HP)


Message History

Aim: a rat (severely wounded, 68% to hit)
The zap hits the rat.
You kill the rat!
n - a scroll labelled NYK OHUMEWICSU An adder and a kobold brigand come into view.
The kobold brigand unwields a +0 short sword.
The kobold brigand wields a +0 hand crossbow.
The kobold brigand shoots a bolt.
The bolt hits you!
Ouch! That really hurt!
You start resting.
A kobold brigand is nearby!
The kobold brigand unwields a +0 hand crossbow.
The kobold brigand wields a +0 short sword.
The kobold brigand barely misses you.
You closely miss the kobold brigand.
The kobold brigand hits you but does no damage.
The kobold brigand hits you with a +0 short sword!
You closely miss the kobold brigand.
The kobold brigand hits you with a +0 short sword.
* * * LOW HITPOINT WARNING * * *
You hit the kobold brigand.
The kobold brigand is lightly wounded.
The kobold brigand splashes around in the water.
Casting: Shock (safe; 8% risk of failure)
Confirm with . or Enter, or press ? or * to list all spells.
The spell is quite dangerous to cast (22% risk of failure)!
Continue anyway?
Aiming: Teleport Other (quite dangerous; 22% risk of failure)
Press: ? - help, Shift-Dir - straight line, f - kobold brigand
Aim: a kobold brigand, wielding a +0 short sword and quivering bolts (lightly wounded, chance to affect: 47%)
The kobold brigand resists with some effort.
* * * LOW HITPOINT WARNING * * *
The kobold brigand completely misses you.
You miss the kobold brigand.
The kobold brigand is lightly wounded.
The kobold brigand barely misses you.
Unknown command.
You barely miss the kobold brigand.
The kobold brigand is lightly wounded.
The kobold brigand hits you with a +0 short sword.
You die...

#..≈≈##≈..≈≈. #.≈≈≈≈..≈.≈.
#≈...≈≈...≈ #≈≈≈≈≈.....
#≈≈≈≈≈≈.∩.∩ #≈.≈.......
####### ##....≈.≈...
#.≈≈≈≈##### ##≈.≈.≈.≈....
#####≈≈≈.@####..≈.##..≈≈≈.
#.≈≈≈≈###K≈.≈..≈.####≈..≈.
####### #..≈.≈≈≈.# #.≈.≈.
K≈≈≈≈###..≈≈≈≈≈## ≈≈≈≈≈.
#≈≈≈≈≈####### .≈≈≈≈≈
S≈≈≈≈##### #### ###


You could see a kobold brigand.

Vanquished Creatures
  A worm (D:2)
  2 bats (D:2)
  4 endoplasms
  7 goblins
  4 hobgoblins
  2 jackals (D:2)
  3 kobolds
  8 quokkas
  3 ball pythons (D:1)
  4 rats
38 creatures vanquished.

Notes
Turn   | Place    | Note
-------+----------+-------------------------------------------
     0 | D:1      | worthlessgem the Djinni Warper began the quest for the Orb.
     0 | D:1      | Reached XP level 1. HP: 18/18 MP: 0/0
   612 | D:1      | Reached XP level 2. HP: 23/23 MP: 0/0
  1007 | D:1      | Found a faded altar of an unknown god.
  1725 | D:1      | Reached XP level 3. HP: 29/29 MP: 0/0
  1725 | D:1      | Learned a level 1 spell: Shock
  2425 | D:2      | Reached skill level 3 in Spellcasting
  2716 | D:4      | Found a glowing drain.
  2749 | Sewer    | Entered a sewer
  2931 | Sewer    | Noticed a kobold brigand
  2954 | Sewer    | Slain by a kobold brigand

Illustrated notes

Levels and vault maps discovered:
D:1:      mushboom_english_gardens, layout_loops_corners,
          ebering_ecumenical_altar_abandoned
D:2:      layout_loops_cross, patterned_corridor, uniq_robin
D:3:      layout_basic, kennysheep_jessica_study, uniq_ijyb, uniq_sigmund
D:4:      layout_layer_cave, gup_sewer_entry_pipe, grunt_ministairs_1,
          serial_park_tiny_1, uniq_eustachio, uniq_crazy_yiuf_cottage
Sewer:    sewer_co_tree

Skill      XL: |  1  2  3 |
---------------+----------+-----
Short Blades   | 2 |  2.3
Spellcasting   | 3 |  3.0
Fighting       | |  2.5
Throwing       | |  0.7
Armour         | |  1.0
Dodging        | |  2.1

Action                   || total
-------------------------++-------
Melee: Short sword       ||   103
 Cast: Blink             ||     1
       Shock             ||    47
       Teleport Other    ||     1
Armor: Leather armour    ||    20
Dodge: Dodged            ||    48
